 Dungeon Crawl Stone Soup version 0.28-a0-167-g7eff39e849 (webtiles) character file.

Game seed: 12624813104005772725

641 Nattfarinn the Magician (level 7, 0/52 HPs)
             Began as a Djinni Venom Mage on Aug 16, 2021.
             Slain by Duvessa (15 damage)
             ... on level 4 of the Dungeon.
             The game lasted 00:07:39 (5718 turns).

Nattfarinn the Magician (Djinni Venom Mage)         Turns: 5718, Time: 00:07:40

Health: 0/52       AC:  7    Str: 10    XL:     7   Next: 81%
Gold:   216        EV: 12    Int: 18    God:
                   SH:  0    Dex: 14

rFire   + + .      SeeInvis +   o - +11 whip "Okkaskam" {flame, *Corrode rC+++ Str+3}
rCold   + + .      Faith    .   (no shield)
rNeg    . . .      Spirit   .   j - +3 leather armour
rPois   ∞          Reflect  .   (no helmet)
rElec   +          Harm     .   (no cloak)
rCorr   .          Rampage  .   n - +0 pair of gloves
Will    +....                   (boots unavailable)
Stlth   +.........              (no amulet)
HPRegen 0.17/turn               b - ring "Lubesah" {Wiz rElec Will+ SInv Stlth-}
MPRegen 0.00/turn               (no ring)

@: flying
A: sickness immunity, fire resistance 2, cold vulnerability 1, float, innate
caster, hp casting, extra vitality 1
a: no special abilities


You were on level 4 of the Dungeon.
You visited 1 branch of the dungeon, and saw 4 of its levels.
You also visited: Sewer.

You collected 216 gold pieces.

Inventory:

Hand Weapons
 o - the +11 whip "Okkaskam" (weapon) {flame, *Corrode rC+++ Str+3}
   (You found it on level 4 of the Dungeon)

   It burns those it strikes, dealing additional fire damage.
   Str:       It affects your strength (+3).
   rC:        It renders you almost immune to cold.
   *Corrode:  It may corrode you when you take damage.
Missiles
 h - a throwing net
Armour
 a - a +0 robe
 j - a +3 leather armour (worn)
 k - a +0 pair of gloves
 n - a +0 pair of gloves (worn)
Jewellery
 b - the ring "Lubesah" (left hand) {Wiz rElec Will+ SInv Stlth-}
   (You acquired it on level 4 of the Dungeon)

   [ring of wizardry]

   It improves your spell success rate.
   rElec:     It insulates you from electricity.
   SInv:      It lets you see invisible.
   Will:      It increases your willpower.
   Stlth:     It makes you less stealthy.
Scrolls
 c - 2 scrolls of teleportation
 g - a scroll of enchant armour {unknown}
 q - a scroll of noise {unknown}
Potions
 d - a potion of degeneration
 e - a potion of berserk rage
 f - a potion of magic
 i - a potion of haste {unknown}
 l - a potion of mutation {unknown}
 m - a potion of might {unknown}
 p - a potion of heal wounds {unknown}


   Skills:
 + Level 4.3 Fighting
 - Level 2.1 Dodging
 - Level 1.5 Stealth
 * Level 5.5 Spellcasting


You had one spell level left.
You knew the following spells:

 Your Spells              Type           Power      Damage    Failure   Level
a - Sting                 Tmut/Pois      96%        1d7       1%          1
b - Poisonous Vapours     Pois/Air       48%        N/A       1%          2
c - Mephitic Cloud        Conj/Pois/Air  24%        N/A       2%          3
d - Olgreb's Toxic Radia  Pois           24%        N/A       8%          4
e - Foxfire               Conj/Fire      96%        2x1d8     1%          1
f - Call Imp              Summ           24%        N/A       1%          2
g - Swiftness             Air            24%        N/A       2%          3
Your spell library was empty.

Dungeon Overview and Level Annotations

Branches:
Dungeon (4/15)              Sewer (visited)
 Temple: D:4-7

Altars:

Annotations:
D:4 Duvessa


Innate Abilities, Weirdness & Mutations

You are immune to sickness and miasma.
You are immune to poison.
Your flesh is very heat resistant. (rF++)
You are vulnerable to cold. (rC-)
You float through the air rather than walking.
You learn spells naturally, not from books.
Your magical power is your life essence.
You have superior vitality. (+4 HP)


Message History

Duvessa is lightly wounded.
The foxfire hits Duvessa.
Duvessa is moderately wounded.
Duvessa rages.
You conjure some foxfire!
The foxfire hits Duvessa.
Duvessa is moderately wounded.
The foxfire hits Duvessa.
Duvessa is moderately wounded.
Duvessa hits you but does no damage. Duvessa hits you with a +0 short sword.
You conjure some foxfire!
The foxfire hits Duvessa but does no damage.
Duvessa is moderately wounded.
The foxfire hits Duvessa but does no damage.
Duvessa is moderately wounded.
Duvessa closely misses you.
You conjure some foxfire!
The foxfire hits Duvessa.
Duvessa is heavily wounded.
The foxfire hits Duvessa but does no damage.
Duvessa is heavily wounded.
Duvessa closely misses you. Duvessa hits you with a +0 short sword!
You are too injured to fight recklessly!
You are too injured to fight recklessly!
Unknown command.
The foxfire hits Duvessa but does no damage.
Duvessa is heavily wounded.
The foxfire hits Duvessa.
Duvessa is heavily wounded.
Duvessa hits you but does no damage.
You barely miss Duvessa.
Duvessa is heavily wounded.
Duvessa closely misses you.
You hit Duvessa but do no damage.
Duvessa is heavily wounded.
Duvessa hits you with a +0 short sword!
* * * LOW HITPOINT WARNING * * *
Duvessa closely misses you.
You barely miss Duvessa.
Duvessa is heavily wounded.
Duvessa hits you with a +0 short sword!
You die...

## # # #. ##. ## #
.###. #..####. ##.
..#. #..##.. ##..
#.. #....# .#...<
#.# #...## ......#
##.# ##.##
.....$.###..## #.###
#.......e@...##
##...#
#...##........#
##..... .
##...#.).## ##...<..
#..###...####...###.
#...# ##........## #
#...# ##........##
#...#
#†...####...###
#..#........ ##...##
.....#...# ##....


You could see Duvessa (berserk).

Vanquished Creatures
  An ice beast (D:4)
  A black bear (D:4)
  Dowan (D:4)
  A jelly (D:4)
  A centaur skeleton (D:4)
  2 merfolk sirens (Sewer)
  A merfolk avatar (Sewer)
  An orc wizard (D:4)
  A hound zombie (D:3)
  3 gnolls (D:2)
  7 adders
  3 river rats
  An adder skeleton (D:4)
  A worm (D:2)
  4 dart slugs
  4 orcs (D:4)
  11 ball pythons
  3 bats
  8 endoplasms
  6 giant cockroaches
  3 hobgoblins
  3 jackals (D:2)
  7 kobolds
  7 quokkas
  7 frilled lizards
  5 goblins
  31 rats
124 creatures vanquished.

Vanquished Creatures (others)
  374 foxfires
  5 toadstools (D:1)
379 creatures vanquished.

Grand Total: 503 creatures vanquished

Notes
Turn   | Place    | Note
-------+----------+-------------------------------------------
     0 | D:1      | Nattfarinn the Djinni Venom Mage began the quest for the
                  | Orb.
     0 | D:1      | Reached XP level 1. HP: 15/15 MP: 0/0
   125 | D:1      | Reached XP level 2. HP: 8/22 MP: 0/0
   636 | D:1      | Reached skill level 1 in Fighting
  1085 | D:1      | Reached XP level 3. HP: 20/27 MP: 0/0
  1085 | D:1      | Learned a level 1 spell: Foxfire
  1089 | D:1      | Reached skill level 3 in Spellcasting
  1918 | D:2      | Reached XP level 4. HP: 23/33 MP: 0/0
  2937 | D:3      | Reached XP level 5. HP: 27/38 MP: 0/0
  2937 | D:3      | Learned a level 2 spell: Call Imp
  4057 | D:4      | Identified the +11 whip "Okkaskam" {flame, *Corrode rC+++
                  | Str+3}
  4061 | D:4      | Identified a scroll of acquirement
  4061 | D:4      | Acquired the ring "Lubesah" {Wiz rElec Will+ SInv Stlth-}
  4171 | D:4      | Reached skill level 4 in Spellcasting
  4190 | D:4      | Noticed a black bear
  4197 | D:4      | Killed a black bear
  4198 | D:4      | Reached XP level 6. HP: 31/46 MP: 0/0
  4479 | D:4      | Noticed an ice beast
  4491 | D:4      | Killed an ice beast
  4492 | D:4      | Reached XP level 7. HP: 40/50 MP: 0/0
  4492 | D:4      | Learned a level 3 spell: Swiftness
  4497 | D:4      | Found a glowing drain.
  4507 | Sewer    | Entered a sewer
  4591 | Sewer    | Reached skill level 5 in Spellcasting
  5694 | D:4      | Noticed Dowan
  5703 | D:4      | Killed Dowan
  5708 | D:4      | Noticed Duvessa
  5718 | D:4      | Slain by Duvessa

Illustrated notes

Levels and vault maps discovered:
D:1:      ldierk_walled_garden, layout_basic
D:2:      layout_basic
D:3:      layout_basic
D:4:      layout_layer_cave, portal_sewer_entry_b, uniq_duvessa

Skill      XL: |  1  2  3  4  5  6  7 |
---------------+----------------------+-----
Fighting       | 1 2 3 4 |  4.3
Spellcasting   | 3 4 5 |  5.5
Dodging        | |  2.1
Stealth        | |  1.5

Action                   |  1- 3 |  4- 6 |  7- 9 || total
-------------------------+-------+-------+-------++-------
Melee: Unarmed           |     6 |    19 |       ||    25
       Whip              |       |       |     3 ||     3
 Cast: Sting             |    67 |    29 |       ||    96
       Poisonous Vapours |     2 |     9 |       ||    11
       Mephitic Cloud    |     1 |       |       ||     1
       Foxfire           |       |   109 |   132 ||   241
  Use: Scroll            |       |     7 |       ||     7
Armor: Robe              |     3 |     4 |       ||     7
       Leather armour    |       |    11 |     3 ||    14
Dodge: Dodged            |    22 |    27 |     9 ||    58

Table legend: (Time is in decaauts)
 A = Elapsed time spent in this place.
 B = Non-inter-level travel time spent in this place.
 C = Inter-level travel time spent in this place.
 D = Time resting spent in this place.
 E = Time spent auto-exploring this place.
 F = Levels seen in this place.
 G = Mean time per level.
                   A        B        C        D        E       F      G
               +--------+--------+--------+--------+--------+-----+--------+
         Total |   5716 |   5551 |    165 |      0 |   4798 |   5 | 1143.2 |
       Dungeon |   4799 |   4634 |    165 |      0 |   4088 |   4 | 1199.8 |
         Sewer |    916 |    916 |      0 |      0 |    710 |   1 |  916.0 |
               +--------+--------+--------+--------+--------+-----+--------+

Top non-repeatable levels by time:
     D:1: 1587 daAuts
     D:2: 1316 daAuts
     D:3: 1134 daAuts
   Sewer: 916 daAuts
     D:4: 761 daAuts
